AoeStats
← Swandine

Arabia

503242555Analyzed
1v1 RM · 2mo ago on Aug 30, 2026· 62m 53s· 2 players
Game mode
Random Map
Map size
Tiny (2 player)
Population
200
Speed
Normal
Resources
Standard
Victory
Conquest
Starting age
Dark Age
Ending age
Imperial Age
RankedLock teamsTeams togetherTeam positionsShared explorationLock speedFull tech treeHidden civsTurbo modeCheats
Victory
Defeat
🇦🇷 Hindustanis · Argentina
1047
+18
vs
🇨🇴 Mongols · Colombia
1087
-18
Swandine
6:30 Loom
9:27 Feudal Age
11:15 Double-Bit Axe
15:56 Horse Collar
18:11 Wheelbarrow
18:41 Gold Mining
22:08 Castle Age
22:36 Forging
22:28 Scale Mail Armor
22:16 Pikeman
23:50 Bow Saw
25:16 Heavy Plow
27:08 Bloodlines
30:08 Hand Cart
30:58 Stone Mining
31:48 Grand Trunk Road
34:39 Gold Shaft Mining
34:19 Husbandry
38:07 Imperial Age
35:24 Town Watch
35:08 Elite Skirmisher
36:36 Fletching
36:47 Padded Archer Armor
37:24 Iron Casting
37:38 Thumb Ring
38:09 Ballistics
37:48 Bodkin Arrow
38:13 Heavy Camel Rider
39:58 Chemistry
39:20 Leather Archer Armor
40:57 Two-Man Saw
40:17 Bracer
41:18 Iron Casting
42:45 Scale Barding Armor
42:14 Imperial Camel Rider
44:27 Stone Shaft Mining
44:16 Chain Barding Armor
46:07 Blast Furnace
45:44 Plate Barding Armor
49:08 Ring Archer Armor
santiagocastanoloaiza
4:59 Loom
8:23 Feudal Age
19:13 Castle Age
17:59 Scale Barding Armor
20:10 Bloodlines
20:01 Husbandry
21:44 Double-Bit Axe
24:02 Chain Barding Armor
24:37 Gold Mining
24:59 Bow Saw
26:21 Fletching
27:38 Gold Shaft Mining
29:23 Bodkin Arrow
33:12 Wheelbarrow
33:39 Padded Archer Armor
35:02 Leather Archer Armor
37:36 Imperial Age
35:28 Hand Cart
37:05 Town Watch
39:12 Bracer
40:16 Chemistry
39:37 Ballistics
39:21 Elite Mangudai
41:59 Forging
42:27 Light Cavalry
43:45 Iron Casting
43:35 Murder Holes
44:02 Hussar
45:45 Blast Furnace
Connection lost

Rejoining the realm…

Still unreachable

The connection could not be restored.

Session expired

The server has moved on; the page needs a fresh start.